 Dungeon Crawl Stone Soup version 0.29.1-13-g9f3cf754e1 (webtiles) character file.

Game seed: 3839613950769825936

107 shadowmeld the Magician (level 5, -3/37 HPs)
             Began as a Djinni Ice Elementalist on Feb 6, 2023.
             Blown up by Ijyb (15 damage)
             ... with a mindburst bolt
             ... on level 3 of the Dungeon.
             The game lasted 00:09:51 (2707 turns).

shadowmeld the Magician (Djinni Ice Elementalist)   Turns: 2707, Time: 00:09:51

Health: -3/37      AC:  2    Str:  7    XL:     5   Next: 11%
Gold:   198        EV: 12    Int: 24    God:
                   SH:  0    Dex: 14

rFire   + + .      SeeInvis .   (no weapon)
rCold   x . .      Faith    .   (no shield)
rNeg    . . .      Spirit   .   a - +0 robe
rPois   ∞          Reflect  .   (no helmet)
rElec   .          Harm     .   (no cloak)
rCorr   .          Rampage  .   (no gloves)
Will    .....                   (boots unavailable)
Stlth   ++........              (no amulet)
HPRegen 0.12/turn               o - +6 ring of intelligence
MPRegen 0.00/turn               (no ring)

@: flying
A: sickness immunity, fire resistance 2, cold vulnerability 1, float, innate
caster, HP casting, extra vitality 1
a: no special abilities


You were on level 3 of the Dungeon.
You visited 1 branch of the dungeon, and saw 3 of its levels.

You collected 198 gold pieces.

Inventory:

Missiles
 l - 3 javelins
Armour
 a - a +0 robe (worn)
Jewellery
 o - a +6 ring of intelligence (left hand)
Scrolls
 b - 3 scrolls of identify {unknown}
 e - a scroll of poison {unknown}
 f - a scroll of vulnerability {unknown}
 i - 2 scrolls of torment {unknown}
 j - a scroll of magic mapping {unknown}
 k - a scroll of immolation {unknown}
 n - 2 scrolls of enchant weapon
Potions
 c - a potion of attraction {unknown}
 d - 3 potions of heal wounds {unknown}
 g - a potion of magic {unknown}
 h - 3 potions of curing
 m - a potion of mutation {unknown}
 p - a potion of degeneration {unknown}
 q - a potion of haste {unknown}
 r - a potion of brilliance {unknown}
 s - 2 potions of flight {unknown}


   Skills:
 * Level 1.0 Fighting
 * Level 2.7 Dodging
 - Level 1.5 Stealth
 * Level 4.4 Spellcasting


You couldn't memorise any spells.
You knew the following spells:

 Your Spells              Type           Power      Damage    Failure   Level
a - Freeze                Ice            100%       1d11      1%          1
b - Frozen Ramparts       Ice            52%        1d8       4%          3
c - Ozocubu's Armour      Ice            26%        N/A       4%          3
d - Hailstorm             Conj/Ice       26%        3d7       14%         4
e - Shock                 Conj/Air       100%       1d9       1%          1
f - Scorch                Fire           52%        2d8       2%          2
Your spell library was empty.

Dungeon Overview and Level Annotations

Branches:
Dungeon (3/15)

Altars:

Annotations:
D:3 Ijyb


Innate Abilities, Weirdness & Mutations

You are immune to sickness and miasma.
You are immune to poison.
Your flesh is very heat resistant. (rF++)
You are vulnerable to cold. (rC-)
You float through the air rather than walking.
You learn spells naturally, not from books.
Your magical power is your life essence.
You have superior vitality. (+4 MHP)


Message History

Found a leather armour and 17 gold pieces.
You see here a book of Weapons.
A rat is nearby!
An ogre and a ball python come into view.
The ball python hisses angrily.
Ijyb the Twisted Goblin comes into view.
She is wielding a +1 dagger of venom and carrying a wand of mindburst (6).
The ball python barely misses you. The ball python closely misses you.
Casting: Shock (safe; 1% risk of failure)
Confirm with . or Enter, or press ? or * to list all spells.
Aiming: Freeze (safe; 1% risk of failure)
Press: ? - help, Shift-Dir - straight line, f - ball python
Aim: a ball python You freeze the ball python.
The ball python is severely wounded.
Ijyb shouts!
The ball python closely misses you. x2
Casting: Freeze (safe; 1% risk of failure)
Confirm with . or Enter, or press ? or * to list all spells.
Aiming: Freeze (safe; 1% risk of failure)
Press: ? - help, Shift-Dir - straight line, f/p - ball python
Aim: a ball python (severely wounded)
You freeze the ball python.
You kill the ball python!
Ijyb zaps a wand.
Your mind is blasted!
Casting: Freeze (safe; 1% risk of failure)
Confirm with . or Enter, or press ? or * to list all spells.
Flames lash Ijyb.
Ijyb is heavily wounded.
Ijyb's fire resistance burns away.
Casting: Scorch (safe; 2% risk of failure)
Confirm with . or Enter, or press ? or * to list all spells.
Flames lash Ijyb.
Ijyb is burned terribly!
Ijyb is almost dead.
Ijyb drinks a potion.
Ijyb is healed!
Casting: Scorch (safe; 2% risk of failure)
Confirm with . or Enter, or press ? or * to list all spells.
Flames lash Ijyb.
Ijyb is burned terribly!
Ijyb is heavily wounded.
Ijyb zaps a wand.
Your mind is blasted!
You die...

....).÷........#.#.#
.........##.#....#.# .
..########.###...#.####..[
.## #.# ##...:...†...
.######### ## #...[#....##
......... ##..##...#..[##
######### #...$#...#...#r
# #..#.#..†#...#.# # .
#.#@.#.#..# #
#..#?.#g.#.#..#O
#..####..#.#..## ##
..##.##..# .# ...# . ...
.# ..## .# .. .##### ..# .
.....##########
####..........#


You could see Ijyb (combustible).

Vanquished Creatures
  3 adders (D:2)
  3 worms
  An orc (D:3)
  9 ball pythons
  3 endoplasms
  11 giant cockroaches
  2 goblins
  6 hobgoblins
  6 jackals (D:2)
  2 quokkas
  7 bats
  3 frilled lizards
  A kobold (D:2)
  5 rats
62 creatures vanquished.

Notes
Turn   | Place    | Note
-------+----------+-------------------------------------------
     0 | D:1      | shadowmeld the Djinni Ice Elementalist began the quest for
                  | the Orb.
     0 | D:1      | shadowmeld set off with the following spells memorised:
                  | Freeze, Frozen Ramparts, Ozocubu's Armour, Hailstorm.
     0 | D:1      | Reached XP level 1. HP: 15/15 MP: 0/0
     4 | D:1      | Noticed a death yak
     7 | D:1      | Noticed a four-headed hydra
    83 | D:1      | Reached XP level 2. HP: 8/21 MP: 0/0
   365 | D:1      | Found a faded altar of an unknown god.
   613 | D:1      | Reached XP level 3. HP: 20/26 MP: 0/0
   613 | D:1      | Learned a level 1 spell: Shock
  1209 | D:2      | Reached skill level 4 in Spellcasting
  1219 | D:2      | Reached XP level 4. HP: 19/31 MP: 0/0
  1967 | D:2      | Reached skill level 1 in Fighting
  2366 | D:3      | Reached XP level 5. HP: 36/37 MP: 0/0
  2366 | D:3      | Learned a level 2 spell: Scorch
  2697 | D:3      | Noticed an ogre
  2699 | D:3      | Noticed Ijyb
  2707 | D:3      | Blown up by Ijyb

Illustrated notes

Levels and vault maps discovered:
D:1:      sevenhm_arrival_forest_fort_small_2, layout_rooms,
          shapermc_ecumenical_altar_acropolis,
          wander_ebering_terrifying_dragon_lair
D:2:      minmay_roachtagon, layout_basic
D:3:      layout_loops_ring, kennysheep_another_room, minmay_puff, uniq_ijyb

Skill      XL: |  1  2  3  4 |
---------------+-------------+-----
Spellcasting   | 4 |  4.4
Fighting       | 1 |  1.0
Dodging        | |  2.7
Stealth        | |  1.5

Action                   |  1- 3 |  4- 6 || total
-------------------------+-------+-------++-------
Melee: Unarmed           |     2 |       ||     2
 Cast: Freeze            |    29 |     5 ||    34
       Shock             |    24 |    48 ||    72
       Scorch            |       |     6 ||     6
  Use: Scroll            |       |     1 ||     1
Armor: Robe              |     2 |       ||     2
Dodge: Dodged            |    17 |     9 ||    26
